 Dungeon Crawl Stone Soup version 0.30-a0-718-geaa24f58ff (webtiles) character file.

Game seed: 14031008864483333117

42 tamnael the Firebug (level 3, -4/29 HPs)
             Began as a Draconian Fire Elementalist on Jan 25, 2023.
             Was a Follower of Wu Jian.
             Slain by an orc
             ... wielding a +0 morningstar
              (5 damage)
             ... on level 3 of the Dungeon.
             The game lasted 00:12:33 (1209 turns).

tamnael the Firebug (Draconian Fire Elementalist)   Turns: 1209, Time: 00:12:34

Health: -4/29      AC:  6    Str:  7 (10) XL:     3   Next: 35%
Magic:  6/6        EV: 12    Int: 12 (15) God:    Wu Jian [*.....]
Gold:   72         SH:  0    Dex: 12 (13) Spells: 5/6 levels left

rFire   . . .      SeeInvis .    g - staff of conjuration
rCold   . . .      Faith    .    (no shield)
rNeg    . . .      Spirit   .    (body armour unavailable)
rPois   .          Reflect  .    (helmet restricted)
rElec   .          Harm     .    c - +0 cloak
rCorr   .          Rampage  .    (no gloves)
Will    .....                    (no boots)
Stlth   ++                       (no amulet)
HPRegen 0.24/turn                (no ring)
MPRegen 0.10/turn                (no ring)

@: no status effects
A: AC +5, unfitting armour, cold-blooded, robust 1, noise suppression
a: Renounce Religion


You were on level 3 of the Dungeon.
You worshipped Wu Jian.
Wu Jian was aware of your devotion.
You visited 1 branch of the dungeon, and saw 3 of its levels.

You collected 72 gold pieces.

Inventory:

Hand Weapons
 i - a +0 sling
Armour
 c - a +0 cloak (worn)
 e - a +0 ring mail
 f - a +0 robe
Magical Staves
 g - a staff of conjuration (weapon)
Jewellery
 j - a ring of flight
Scrolls
 d - a scroll of blinking {unknown}
Potions
 a - a potion of magic
 b - a potion of invisibility (quivered) {unknown}
 h - a potion of attraction {unknown}


   Skills:
 + Level 0.3 Fighting
 + Level 0.1 Staves
 + Level 2.1 Dodging
 + Level 2.4 Stealth
 + Level 0.9 Unarmed Combat
 + Level 2.3 Spellcasting
 + Level 1.0 Conjurations
 + Level 3.2 Fire Magic


You had 5 spell levels left.
You knew the following spells:

 Your Spells              Type           Power      Damage    Failure   Level
a - Foxfire               Conj/Fire      36%        2x1d5     11%         1

Your spell library contained the following spells:

 Spells                   Type           Power      Damage    Failure   Level
 Scorch                   Fire           18%        2d6       11%         2
 Inner Flame              Hex/Fire       5%         N/A       38%         3
 Kindle Blastsparks       Fire/Tloc/Air  8%         2d10      45%         3
 Flame Wave               Conj/Fire      9%         2d6       71%         4


Dungeon Overview and Level Annotations

Branches:
Dungeon (3/15)

Altars:
Wu Jian


Innate Abilities, Weirdness & Mutations

Your plain brown scales are hard. (AC +5)
You cannot fit into any form of body armour.
You are cold-blooded and may be slowed by cold attacks.
You are robust. (+10% HP)
You passively dampen the noise of your surroundings.


Message History

The orc is heavily wounded.
The orc hits you but does no damage. The orc hits you with a +0 club.
You closely miss the orc. You tail-slap the orc.
The orc is heavily wounded.
The orc hits you with a +0 club. The orc hits you but does no damage.
The orc hits you with a +0 club.
You barely miss the orc. You tail-slap the orc.
The orc is heavily wounded.
The orc barely misses you. The orc closely misses you.
The orc hits you with a +0 club.
You hit the orc.
The orc is heavily wounded.
The orc hits you but does no damage. x2; The orc hits you with a +0 club.
The orc barely misses you. x3
You closely miss the orc.
The orc is heavily wounded.
The orc hits you with a +0 club. The orc hits you with a +0 morningstar.
The orc hits you but does no damage.
You barely miss the orc.
The orc is heavily wounded.
The orc completely misses you. The orc closely misses you.
The orc hits you with a +0 club.
You hit the orc.
The orc is severely wounded.
The orc closely misses you. The orc misses you.
The orc hits you with a +0 club.
You closely miss the orc.
The orc is heavily wounded.
The orc hits you with a +0 club. The orc hits you with a +0 morningstar.
The orc closely misses you.
You hit the orc but do no damage.
The orc is heavily wounded.
The orc hits you with a +0 morningstar!
* * * LOW HITPOINT WARNING * * *
The orc hits you with a +0 club.
* * * LOW HITPOINT WARNING * * *
The orc hits you with a +0 club.
* * * LOW HITPOINT WARNING * * *
The orc hits you with a +0 morningstar.
You die...

#..##.....#.... #.
#...#......# .###.
#.....#######....
#..##......#...#
#..##.....#....#
#..##..........
###..#?#...#o.##.#
#.....###..#o###.#
#.....# ##.o@o...#
#.....###..#######
#......#.#.#
#.......##.#
##.........# #.
#.....<...# #[#
#.........# #.#
#....<....# #.#
#### #.........#
###.####...


You could see 4 orcs.

Vanquished Creatures
  2 adders
  2 orcs (D:3)
  2 endoplasms (D:1)
  4 giant cockroaches (D:1)
  2 hobgoblins
  2 kobolds (D:1)
  2 quokkas (D:1)
  A ball python (D:2)
  2 frilled lizards
  2 rats (D:1)
21 creatures vanquished.

Vanquished Creatures (others)
  A foxfire (D:1)
1 creature vanquished.

Grand Total: 22 creatures vanquished

Notes
Turn   | Place    | Note
-------+----------+-------------------------------------------
     0 | D:1      | tamnael the Draconian Fire Elementalist began the quest for
                  | the Orb.
     0 | D:1      | Reached XP level 1. HP: 14/14 MP: 3/3
     6 | D:1      | Noticed a felid
     6 | D:1      | Noticed a minotaur
     8 | D:1      | Noticed a spriggan
     8 | D:1      | Noticed a naga
    10 | D:1      | Noticed an elf
    10 | D:1      | Noticed a ghoul
    12 | D:1      | Noticed a vampire
    12 | D:1      | Noticed a merfolk
    14 | D:1      | Noticed a demigod
    14 | D:1      | Noticed a human
    16 | D:1      | Noticed a gargoyle
    18 | D:1      | Noticed an armataur
    18 | D:1      | Noticed a meteoran
    20 | D:1      | Noticed a draconian
    22 | D:1      | Noticed a troll
    22 | D:1      | Noticed a demonspawn
    24 | D:1      | Noticed a formicid
    24 | D:1      | Noticed an octopode
    26 | D:1      | Noticed an ogre
    26 | D:1      | Noticed a vine stalker
    28 | D:1      | Noticed a troll
    30 | D:1      | Noticed a naga
   233 | D:1      | Found a faded altar of an unknown god.
   272 | D:1      | Prayed at the altar of an unknown god.
   272 | D:1      | Became a worshipper of the Wu Jian Council
   272 | D:1      | Reached * piety under Wu Jian
   347 | D:1      | Reached XP level 2. HP: 11/20 MP: 5/5
   831 | D:2      | Gained mutation: You passively dampen the noise of your
                  | surroundings. [potion of mutation]
   831 | D:2      | Gained mutation: You are robust. (+10% HP) [potion of
                  | mutation]
   937 | D:3      | Reached XP level 3. HP: 23/28 MP: 6/6
  1209 | D:3      | HP: 1/29 [orc/+0 club (1)]
  1209 | D:3      | Slain by an orc

Illustrated notes

Levels and vault maps discovered:
D:1:      kb_arrival_jail, layout_basic, hellmonk_ecumenical_altar_zigzags,
          moated_statue, minmay_heptomino_o4
D:2:      layout_basic, chequers_serial_rivers_room_a, grunt_ministairs_12,
          supply_closet_lemuel
D:3:      layout_loops_ring, serial_glass, glass_columns_a, glass_columns_c,
          serial_shops, nicolae_shop_advertising_works
          [nicolae_subvault_shop_adworks], uniq_crazy_yiuf_cottage

Skill      XL: |  1  2 |
---------------+-------+-----
Stealth        | 2 |  2.4
Dodging        | 2 |  2.1
Fighting       | |  0.3
Staves         | |  0.1
Unarmed Combat | |  0.9
Spellcasting   | |  2.3
Conjurations   | |  1.0
Fire Magic     | |  3.2

Action                     || total
---------------------------++-------
  Melee: Unarmed           ||   104
         Tailslap          ||    20
         Punch             ||     1
         Staff             ||    70
   Cast: Foxfire           ||     1
Ability: Whirlwind         ||     8
         Lunge             ||     3
    Use: Potion            ||     2
   Stab: Sleeping          ||     1
 Armour: Skin              ||    61
  Dodge: Dodged            ||   115

Table legend: (Time is in decaauts)
 A = Elapsed time spent in this place.
 B = Non-inter-level travel time spent in this place.
 C = Inter-level travel time spent in this place.
 D = Time resting spent in this place.
 E = Time spent auto-exploring this place.
 F = Levels seen in this place.
 G = Mean time per level.
                   A        B        C        D        E       F      G
               +--------+--------+--------+--------+--------+-----+--------+
         Total |   1220 |   1189 |     31 |      0 |      0 |   3 |  406.7 |
       Dungeon |   1220 |   1189 |     31 |      0 |      0 |   3 |  406.7 |
               +--------+--------+--------+--------+--------+-----+--------+

Top non-repeatable levels by time:
     D:1: 803 daAuts
     D:3: 298 daAuts
     D:2: 118 daAuts
